 Dungeon Crawl Stone Soup version 0.13-a0-1502-g99810c3 (webtiles) character file.

64 Kae the Vexing (level 2, -9/13 HPs)
             Began as a Spriggan Enchanter on June 9, 2013.
             Mangled by a kobold
             ... wielding a +2,+1 short sword of electrocution
              (21 damage)
             ... on Level 2 of the Dungeon.
             The game lasted 00:01:01 (879 turns).

Kae the Vexing (Spriggan Enchanter)                  Turns: 879, Time: 00:01:01

HP  -9/13        AC  3     Str  4      XL: 2   Next: 86%
MP   7/7         EV 18     Int 16      God:
Gold 39          SH  0     Dex 16      Spells:  2 memorised,  3 levels left

Res.Fire  : . . .   See Invis. : +   h - +0 dwarf short sword (vamp)
Res.Cold  : . . .   Warding    : .   b - +1 robe
Life Prot.: . . .   Conserve   : .   (shield restricted)
Res.Poison: .       Res.Corr.  : .   (helmet restricted)
Res.Elec. : .       Clarity    : .   (no cloak)
Sust.Abil.: . .     Spirit.Shd : .   (gloves unavailable)
Res.Mut.  : .       Stasis     : .   (boots unavailable)
Res.Rott. : .       Flight     : .   (no amulet)
Saprovore : . . .                    (no ring)
                                     (no ring)

@: very quick, slightly resistant to hostile enchantments, stealthy
A: unfitting armour, see invisible, herbivore 3, speed 3, slow metabolism 2
a: no special abilities


You were on level 2 of the Dungeon.
You were not hungry.

You visited 1 branch of the dungeon, and saw 2 of its levels.

You collected 19 gold pieces.

Inventory:

Hand weapons
 a - a +1,+1 dagger {=f}
 h - a +0,+0 dwarven vampiric short sword (weapon)
Missiles
 d - 12 darts (quivered)
Armour
 b - a +1 robe (worn)
Scrolls
 f - a scroll of remove curse {unknown}
 i - 3 scrolls of recharging {unknown}
Jewellery
 g - an uncursed ring of life protection {unknown}
Potions
 e - a potion of flight {unknown}
 j - a potion of speed {unknown}
Books
 c - a book of Maledictions

   Spells                             Type                      Level
   *Corona                            Hexes                        1
   Sure Blade                         Hexes/Charms                 2
   *Ensorcelled Hibernation           Hexes/Ice                    2
   Confuse                            Hexes                        3
   Enslavement                        Hexes                        4
   Invisibility                       Hexes                        6


   Skills:
 * Level 2.0 Short Blades
 - Level 1.1 Throwing
 - Level 3.0 Dodging
 + Level 3.3 Stealth
 + Level 2.5 Spellcasting
 + Level 3.8 Hexes


You had 3 spell levels left.
You knew the following spells:

 Your Spells              Type           Power        Failure   Level  Hunger
a - Corona                Hex            ##.....      6%          1    #......
b - Ensorcelled Hibernat  Hex/Ice        #.....       14%         2    ##.....


Dungeon Overview and Level Annotations

Branches:
Dungeon (2/27)

Altars:


Innate Abilities, Weirdness & Mutations

You are tiny and cannot use many weapons and most armour.
You have supernaturally acute eyesight.
You are a herbivore.
You cover ground extremely quickly.
You need consume almost no food.


Message History

The giant newt is moderately wounded.
The giant newt misses you.
You hit the giant newt.
You kill the giant newt!
You spend a moment contemplating the meaning of life.
A goblin comes into view.
A giant newt and a kobold come into view.
Found a glowing opal ring.
There is a stone staircase leading down here.
You spend a moment contemplating the meaning of life.
There are monsters nearby!
An adder comes into view.
The kobold shouts!
The goblin shouts!
The goblin completely misses you.
You hit the goblin.
You kill the goblin!
The kobold hits you with a glowing short sword.
You are electrocuted!
Ouch! That really hurt!
You die...

##. .......## ##
.....=... . .........# .#
#..S......# ####.#
#.........# #....#
#.........# #....#
##.....%.l.# #<...#
#.......@K.#####....###.
........>........[.......
#..........#####....###.
#########.######....###r
........)...............
........##############
#########


You could see an adder, a kobold and a giant newt.

Vanquished Creatures
  2 giant cockroaches (D:1)
  5 goblins
  3 hobgoblins (D:1)
  3 jackals (D:1)
  3 kobolds (D:1)
  A bat (D:1)
  4 giant newts
  5 rats (D:1)
26 creatures vanquished.

Notes
Turn   | Place    | Note
--------------------------------------------------------------
     0 | D:1      | Kae, the Spriggan Enchanter, began the quest for the Orb.
     0 | D:1      | Reached XP level 1. HP: 9/9 MP: 4/4
   104 | D:1      | Reached XP level 2. HP: 10/13 MP: 6/6
   158 | D:1      | Learned a level 2 spell: Ensorcelled Hibernation
   879 | D:2      | Mangled by a kobold

Action                   || total
-------------------------++-------
Melee: Dagger            ||    49
       Short sword       ||    63
 Cast: Ensorcelled Hiber ||     1
  Use: Potion            ||     1
 Stab: Sleeping          ||     1
